 Dungeon Crawl Stone Soup version 0.21.1-1-g345015f (webtiles) character file.

45846 iamserjio the Nimble (level 14, 0/103 HPs)
             Began as an Octopode Monk on Apr 7, 2018.
             Was a High Priest of Yredelemnul.
             Shot with an arrow by a deep elf archer (6 damage)
             ... on level 2 of the Elven Halls on Apr 8, 2018.
             The game lasted 03:24:15 (26102 turns).

iamserjio the Nimble (Octopode Monk)               Turns: 26102, Time: 03:24:16

Health: 0/103      AC:  3    Str:  9    XL:     14   Next: 34%
Magic:  22/22      EV: 27    Int: 15    God:    Yredelemnul [*****.]
Gold:   959        SH: 12    Dex: 26    Spells: 18/23 levels left

rFire    . . .     SeeInvis .   K - +6 falchion of Arrival {slice, Str-2 Int+2 Dex+8}
rCold    . . .     Gourm    .   q - +1 shield
rNeg     + . .     Faith    .   W - +2 hat {MR+}
rPois    .         Spirit   .   r - amulet of magic regeneration
rElec    .         Reflect  .   S - ring of resist corrosion
rCorr    +         Harm     .   D - ring of positive energy
MR       ++...                  (no ring)
Stlth    +++++.....             (no ring)
HPRegen  0.27/turn              (no ring)
MPRegen  0.43/turn              (no ring)
                                (no ring)
                                (no ring)

@: no status effects
A: almost no armour, stealthy swim, amphibious, 8 rings, constrict 8, camouflage
1, gelatinous body 1
a: Recall Undead Slaves, Injury Mirror, Animate Dead, Drain Life, Enslave Soul,
Renounce Religion


You were on level 2 of the Elven Halls.
You worshipped Yredelemnul.
Yredelemnul was extremely pleased with you.
You were not hungry.

You visited 4 branches of the dungeon, and saw 22 of its levels.
You also visited: Labyrinth and Sewer.

You collected 2115 gold pieces.
You spent 1156 gold pieces at shops.

Inventory:

Hand Weapons
 f - a +0 demon trident
 u - a +1 halberd of venom
 y - a +4 dagger of freezing
 K - the +6 falchion of Arrival (weapon) {slice, Str-2 Int+2 Dex+8}
   (You found it on level 8 of the Dungeon)

   It inflicts extra damage upon your enemies.
   It affects your strength (-2).
   It affects your intelligence (+2).
   It affects your dexterity (+8).
 N - a +0 vampiric dagger
Missiles
 G - 3 throwing nets (quivered)
 H - 3 javelins of penetration
Armour
 q - a +1 shield (worn)
 U - a +1 hat of intelligence
 W - a +2 hat of magic resistance (worn)
Jewellery
 c - an uncursed ring of fire
 p - an uncursed ring of ice
 r - an amulet of magic regeneration (around mantle)
 D - a ring of positive energy (right tentacle)
 S - a ring of resist corrosion (left tentacle)
Wands
 h - a wand of iceblast (6)
 j - a wand of disintegration (20)
 L - a wand of polymorph (13)
 M - a wand of flame (57)
 P - a wand of enslavement (6)
 T - a wand of acid (15)
 X - a wand of scattershot (3)
Scrolls
 d - a scroll of brand weapon {unknown}
 e - 2 scrolls of magic mapping
 g - 4 scrolls of fog
 n - 4 scrolls of amnesia
 s - 9 scrolls of teleportation
 t - 5 scrolls of enchant armour
 v - 2 scrolls of immolation {unknown}
 A - 3 scrolls of fear {unknown}
 B - 2 scrolls of random uselessness {unknown}
 C - 2 scrolls of vulnerability
 F - 2 scrolls of acquirement {unknown}
Potions
 i - 3 potions of brilliance {unknown}
 l - 2 potions of heal wounds {unknown}
 m - 6 potions of lignification
 o - 2 potions of agility
 w - 4 potions of resistance {unknown}
 x - 3 potions of cancellation {unknown}
 z - 3 potions of might {unknown}
 O - 3 potions of mutation {unknown}
 V - a potion of flight {unknown}
 Y - a potion of ambrosia {unknown}
Books
 a - a book of Enchantments

   Spells                             Type                      Level
   a - Cause Fear                     Hexes                        4
   b - Yara's Violent Unravelling     Hexes/Transmutation          5
   c - Silence                        Hexes/Air                    5
   d - Deflect Missiles               Charms/Air                   6
   e - Discord                        Hexes                        8
 k - a book of Beasts

   Spells                             Type                      Level
   a - Summon Butterflies             Summoning                    1
   b - Call Canine Familiar           Summoning                    3
   c - Summon Ice Beast               Ice/Summoning                4
   d - Summon Mana Viper              Hexes/Summoning              5
   e - Summon Hydra                   Summoning                    7
 I - a book of Debilitation

   Spells                             Type                      Level
   a - Corona                         Hexes                        1
   b - Slow                           Hexes                        2
   c - Inner Flame                    Hexes/Fire                   3
   d - Portal Projectile              Hexes/Translocation          3
   e - Cause Fear                     Hexes                        4
   f - Leda's Liquefaction            Hexes/Earth                  4
 J - a book of Flames

   Spells                             Type                      Level
   a - Flame Tongue                   Conjuration/Fire             1
   b - Throw Flame                    Conjuration/Fire             2
   c - Conjure Flame                  Conjuration/Fire             3
   d - Inner Flame                    Hexes/Fire                   3
   e - Sticky Flame                   Conjuration/Fire             4
   f - Fireball                       Conjuration/Fire             5
 R - a book of Minor Magic

   Spells                             Type                      Level
   a - Magic Dart                     Conjuration                  1
   b - Blink                          Translocation                2
   c - Call Imp                       Summoning                    2
   d - Slow                           Hexes                        2
   e - Conjure Flame                  Conjuration/Fire             3
   f - Mephitic Cloud                 Conjuration/Poison/Air       3
 Z - a book of Misfortune

   Spells                             Type                      Level
   a - Confusing Touch                Hexes                        1
   b - Confuse                        Hexes                        3
   c - Gell's Gravitas                Translocation                3
   d - Petrify                        Transmutation/Earth          4
   e - Metabolic Englaciation         Hexes/Ice                    5
   f - Yara's Violent Unravelling     Hexes/Transmutation          5
Comestibles
 b - 20 rations


   Skills:
 * Level 12.0 Fighting
 - Level 3.1(3.7) Short Blades
 + Level 2.8(3.5) Long Blades
 * Level 14.8 Dodging
 - Level 7.0 Stealth
 + Level 7.6 Shields
 - Level 5.1 Spellcasting
 - Level 4.0 Summonings
 + Level 11.2 Invocations


You had 18 spell levels left.
You knew the following spells:

 Your Spells              Type           Power        Failure   Level  Hunger
a - Blink                 Tloc           N/A          52%         2    ##.....
b - Call Canine Familiar  Summ           ###.....     24%         3    ###....


Dungeon Overview and Level Annotations

Branches:
Dungeon (13/15)            Temple (0/1) D:6            Lair (5/6) D:8
 Shoals (0/4) Lair:3       Spider (0/4) Lair:4          Orc (2/2) D:10
    Elf (2/3) Orc:2        Vaults (0/5) D:13
  Slime: Lair:5-6

Altars:
Ashenzari
Cheibriados
Fedhas
Nemelex Xobeh
Qazlal
Sif Muna
Vehumet
Wu Jian
Yredelemnul
Zin
Lugonu

Shops:
D:5 }   D:10 ([   Orc:1 [   Orc:2 :}[!   Elf:2 (

Portals:
Abyss: D:1

Annotations:
D:4 Mirai's ghost, amateur DsFi
D:13 Totori's ghost, journeyman MfIE
Lair:4 exclusion: oklob plant, Kairos's ghost, journeyman FoFi
Elf:2 exclusion: orange crystal statue


Innate Abilities, Weirdness & Mutations

You cannot wear most types of armour.
You are very stealthy in the water. (Stealth+)
You are amphibious.
You can wear up to eight rings at the same time.
You can use your tentacles to constrict eight enemies at once.
Your skin changes colour to match your surroundings (Stealth+).
Your rubbery body absorbs attacks. (AC +1, EV +1)


Message History

You are engulfed in raging winds.
You block the air elemental's attack.
The air elemental completely misses you.
The deep elf archer blinks!
The air elemental barely misses you.
You riposte.
You closely miss the air elemental. You squeeze the air elemental.
The air elemental is heavily damaged.
The deep elf archer shoots an arrow.
The arrow completely misses you.
You slash the air elemental!
The air elemental is almost destroyed.
You are engulfed in raging winds.
You float gracefully downwards.
The air elemental barely misses you. You block the air elemental's attack.
The air elemental closely misses you.
Your orc warrior zombie hits the air elemental with a mace!
The air elemental is destroyed!
Yredelemnul accepts your kill.
The deep elf archer shoots an arrow.
The arrow hits you!! The arrow burns you!
The deep elf archer shoots an arrow.
The arrow hits you!!
* * * LOW HITPOINT WARNING * * *
The arrow burns you.
You die...
Your body rises from the dead as a mindless zombie.

#...Z.#
###.Z##
.... ##Z#
.... #.#
##### #Z#
##..(e.
#Z##......
#.#⌠.⌠.#
#z#.∩..##..
#Z@(.⌠..#..
#####...#..
...:. ....
###


You could see a deep elf archer, a friendly skeletal warrior, a friendly orc
zombie, 2 friendly orc warrior zombies and 2 friendly orc wizard zombies.

Vanquished Creatures
  An orc warlord (D:10)
  3 hydras
  A deep elf knight (Elf:1)
  3 orc high priests
  3 orc knights
  5 deep elf magi
  4 elephants
  Psyche (D:8)
  6 spiny frogs
  A kobold demonologist (D:11)
  A komodo dragon (Lair:5)
  A rime drake (Lair:2)
  2 jumping spiders (Lair:4)
  Prince Ribbit (D:5)
  4 hippogriffs
  4 blink frogs
  A dream sheep (Lair:4)
  2 shadows (Lab)
  A wyvern (D:12)
  A wraith (D:10)
  A redback (Lab)
  4 yaks
  3 hogs (D:7)
  A human (D:2)
  A basilisk (D:11)
  2 hungry ghosts (Lab)
  2 vampire mosquitoes
  5 water moccasins
  A swamp drake (Orc:2)
  21 orc warriors
  A sky beast (D:10)
  2 black bears
  A necrophage (D:12)
  2 phantoms
  3 wolves
  6 centaurs
  3 crocodiles
  An ogre (Orc:1)
  A big kobold (D:12)
  6 bullfrogs
  3 wyvern skeletons
  3 scorpions
  3 wights (D:11)
  2 howler monkeys
  3 electric eels (D:11)
  A bullfrog zombie (D:11)
  3 crimson imps
  2 quasits (D:12)
  A hound (D:12)
  11 orc priests
  Crazy Yiuf (D:2)
  2 bullfrog skeletons
  A centaur skeleton (D:12)
  An iron imp (Orc:2)
  Ijyb (D:3)
  Terence (D:2)
  An iguana (D:11)
  Natasha (thrice) (D:3)
  9 orc wizards
  2 worker ants
  A hound skeleton (D:5)
  Robin (D:2)
  A howler monkey zombie (D:5)
  16 adders
  4 gnolls
  A river rat (D:6)
  3 shadow imps
  A white imp (Orc:2)
  11 oozes
  2 adder skeletons
  2 worms
  5 dart slugs
  13 leopard geckos
  62 orcs
  8 ball pythons
  2 bats (D:1)
  8 giant cockroaches
  10 goblins
  7 hobgoblins
  3 jackals (D:1)
  2 quokkas (D:7)
  9 frilled lizards
  13 kobolds
  A leopard gecko skeleton (D:4)
  3 quokka skeletons
  5 rats
  A fungus (D:2)
362 creatures vanquished.

Vanquished Creatures (collateral kills)
  A minotaur (Lab)
  Harold (Lair:2)
  2 hydras (Lair:2)
  5 vault guards (D:13)
  2 centaur warriors
  3 two-headed ogres
  A dancing weapon (Elf:2)
  2 orc high priests
  A deep elf archer (Elf:1)
  4 orc knights
  2 ugly things
  7 deep elf magi
  2 orc sorcerers (Orc:1)
  An elephant (Lair:3)
  A wolf spider (Lair:3)
  A black mamba (Lair:3)
  3 centaur skeletons
  A spiny frog (Lair:3)
  A gargoyle (D:10)
  2 komodo dragons
  A rime drake (Lair:2)
  2 jumping spiders (Lair:4)
  2 hornets
  A blink frog (Lair:1)
  5 hippogriffs
  3 dream sheep (Lair:4)
  A jumping spider zombie (Lair:4)
  2 wyverns
  2 air elementals
  19 yaks
  2 basilisks (Lair:3)
  A human (D:7)
  5 vampire mosquitoes
  2 hungry ghosts
  A warg (Orc:2)
  An acid dragon (D:12)
  7 water moccasins
  2 black bears (D:11)
  16 orc warriors
  4 porcupines
  A sky beast (D:10)
  10 ice beasts
  3 phantoms
  An eye of draining (D:10)
  3 wolves
  5 centaurs
  An ogre (D:9)
  6 crocodiles
  4 bullfrogs
  2 earth elementals (Elf:2)
  A wyvern zombie (D:13)
  2 scorpions
  A wight (D:11)
  6 killer bees (D:8)
  3 electric eels (D:11)
  A howler monkey (D:11)
  A crimson imp (D:10)
  A quasit (D:9)
  2 centaur zombies
  3 hounds
  A jelly (D:7)
  12 orc priests
  14 orc wizards
  3 worker ants
  A hound skeleton (D:9)
  2 worker ant zombies
  4 gnolls
  6 adders
  3 shadow imps
  2 oozes (Sewer)
  A leopard gecko (Sewer)
  38 orcs
  A ball python (Sewer)
  2 giant cockroaches
  3 goblins (D:3)
  A hobgoblin (D:3)
  2 quokkas
  3 frilled lizards (Sewer)
  An orc skeleton (Orc:1)
  A rat (D:6)
  5 fungi (Lair:3)
  4 plants
289 creatures vanquished.

Vanquished Creatures (others)
  A skeletal warrior (D:13)
  4 flayed ghosts
  2 phantasmal warriors
  A spectral two-headed ogre (D:13)
  3 spectral elves
  A hydra skeleton (D:13)
  8 flying skulls
  A wraith (D:11)
  A vampire (D:13)
  2 spiny frog zombies (Lair:4)
  An orc warrior (Orc:2)
  A hornet zombie (Lair:3)
  An elephant zombie (Lair:4)
  A komodo dragon zombie (Lair:4)
  A spectral ogre (D:12)
  A water moccasin zombie (Lair:3)
  3 wights
  A wolf zombie (Lair:5)
  2 spectral orcs (Orc:2)
  A black bear zombie (D:11)
  2 crocodile zombies
  An ogre zombie (Orc:1)
  A goblin zombie (D:3)
  A worm zombie (D:4)
  3 adder zombies
  A leopard gecko (D:2)
  An orc (Orc:1)
  A bat (D:2)
  A giant cockroach zombie (Sewer)
  A kobold zombie (D:12)
  6 orc skeletons
  20 orc zombies
  A rat (D:2)
  A bush (Lair:4)
  16 fungi
  24 plants
118 creatures vanquished.

Grand Total: 769 creatures vanquished

Notes
Turn   | Place    | Note
-------+----------+-------------------------------------------
     0 | D:1      | iamserjio the Octopode Monk began the quest for the Orb.
     0 | D:1      | Reached XP level 1. HP: 16/16 MP: 1/1
    36 | D:1      | Found a corrupted altar of Lugonu.
    36 | D:1      | Found a one-way gate to the infinite horrors of the Abyss.
    36 | D:1      | Noticed a demonic crawler
    36 | D:1      | Noticed a quasit
    36 | D:1      | Noticed a quasit
    36 | D:1      | Noticed a quasit
    36 | D:1      | Noticed a demonic crawler
    36 | D:1      | Noticed a quasit
    36 | D:1      | Noticed an iron imp
    38 | D:1      | Noticed a quasit
    40 | D:1      | Noticed an iron imp
    41 | D:1      | Noticed a demonic crawler
   287 | D:1      | Reached XP level 2. HP: 21/21 MP: 2/2
   716 | D:1      | Reached XP level 3. HP: 26/26 MP: 3/3
  1148 | D:2      | Found a runed door.
  1148 | D:2      | Noticed a human
  1149 | D:2      | Found a basalt altar of Yredelemnul.
  1408 | D:2      | Found a snail-covered altar of Cheibriados.
  1460 | D:2      | Noticed Terence
  1764 | D:2      | Killed Terence
  1764 | D:2      | Reached XP level 4. HP: 14/31 MP: 4/4
  2156 | D:2      | Killed a human
  2156 | D:2      | Reached skill level 4 in Dodging
  2156 | D:2      | Reached skill level 5 in Stealth
  2156 | D:2      | Reached XP level 5. HP: 27/37 MP: 5/5
  2174 | D:2      | Became a worshipper of Yredelemnul the Dark
  2174 | D:2      | Reached * piety under Yredelemnul
  2174 | D:2      | Reached ** piety under Yredelemnul
  2369 | D:2      | Found a runed door.
  2373 | D:2      | Noticed Crazy Yiuf
  2378 | D:2      | Killed Crazy Yiuf
  2378 | D:2      | Reached XP level 6. HP: 41/43 MP: 6/6
  2480 | D:3      | Noticed Ijyb
  2486 | D:3      | Killed Ijyb
  2557 | D:3      | Reached skill level 1 in Invocations
  2774 | D:3      | Noticed Robin
  2807 | D:3      | Your ally Ijyb died
  2937 | D:2      | Reached skill level 5 in Dodging
  2947 | D:2      | Killed Robin
  3412 | D:3      | Noticed Natasha
  3418 | D:3      | Killed Natasha
  3418 | D:3      | Reached XP level 7. HP: 41/48 MP: 8/8
  3426 | D:3      | Noticed Natasha
  3437 | D:3      | Killed Natasha
  3630 | D:3      | Noticed Natasha
  3636 | D:3      | Killed Natasha
  4008 | D:4      | Reached *** piety under Yredelemnul
  4144 | D:4      | Reached skill level 6 in Dodging
  4199 | D:4      | Noticed Mirai's ghost (amateur DsFi)
  4234 | D:5      | Entered Level 5 of the Dungeon
  4912 | D:5      | Found Nuvat's Gadget Shoppe.
  4917 | D:5      | Reached XP level 8. HP: 54/54 MP: 10/10
  4930 | D:5      | Bought a wand of iceblast (9) for 130 gold pieces
  4986 | D:5      | Noticed Prince Ribbit
  4999 | D:5      | Killed Prince Ribbit
  4999 | D:5      | Reached skill level 5 in Fighting
  5420 | D:6      | Reached skill level 7 in Dodging
  5436 | D:6      | Found a shattered altar of Ashenzari.
  5436 | D:6      | Found a stormy altar of Qazlal.
  5474 | D:6      | Found a glowing drain.
  5491 | Sewer    | Entered a sewer
  5632 | Sewer    | Reached **** piety under Yredelemnul
  6024 | Sewer    | Received a gift from Yredelemnul (2 flying skulls)
  6151 | D:6      | Found a shattered altar of Ashenzari.
  6205 | D:6      | Found a radiant altar of Vehumet.
  6230 | D:6      | Found a staircase to the Ecumenical Temple.
  6443 | D:7      | Found an ornate altar of the Wu Jian Council.
  6443 | D:7      | Found a glowing silver altar of Zin.
  6443 | D:7      | Found a sparkling altar of Nemelex Xobeh.
  6524 | D:7      | Reached skill level 8 in Dodging
  6524 | D:7      | Reached XP level 9. HP: 59/62 MP: 12/12
  6530 | D:7      | Reached skill level 1 in Shields
  6854 | D:7      | Reached skill level 5 in Invocations
  7008 | D:8      | Received a gift from Yredelemnul (4 flying skulls)
  7105 | D:8      | Noticed a two-headed ogre
  7112 | D:8      | Killed a two-headed ogre
  7112 | D:8      | Reached skill level 9 in Dodging
  7265 | D:8      | Found a deep blue altar of Sif Muna.
  7348 | D:8      | Got a scorched falchion
  7421 | D:8      | Found a staircase to the Lair.
  7565 | D:8      | Noticed Psyche
  7571 | D:8      | Killed Psyche
  7571 | D:8      | Reached XP level 10. HP: 58/71 MP: 14/14
  7759 | D:9      | Reached ***** piety under Yredelemnul
  7831 | D:9      | Received a gift from Yredelemnul (2 flying skulls)
  8005 | D:9      | Identified the +6 falchion of Arrival {slice, Str-2 Int+2 Dex+8} (You found it on level 8 of the Dungeon)
  8113 | D:9      | Found a blossoming altar of Fedhas.
  8529 | D:10     | Entered Level 10 of the Dungeon
  8550 | D:10     | Found Aquitsom's Armour Shoppe.
  8550 | D:10     | Found a staircase to the Orcish Mines.
  8550 | D:10     | Found Teabug's Weapon Shoppe.
  8556 | D:10     | Noticed a two-headed ogre
  8560 | D:10     | Killed a two-headed ogre
  8560 | D:10     | Reached skill level 10 in Dodging
  8560 | D:10     | Reached skill level 1 in Spellcasting
  8581 | D:10     | Noticed a gargoyle
  8582 | D:10     | Received a gift from Yredelemnul (a wight)
  8585 | D:10     | Killed a gargoyle
  9226 | Orc:1    | Entered Level 1 of the Orcish Mines
  9226 | Orc:1    | Noticed an orc warlord
  9226 | Orc:1    | Noticed an orc sorcerer
  9226 | Orc:1    | Noticed an orc sorcerer
  9243 | D:10     | HP: 1/72 [orc warlord/glaive (21)]
  9257 | D:10     | Killed an orc warlord
  9257 | D:10     | Reached skill level 5 in Shields
  9584 | Orc:1    | Killed an orc sorcerer
  9584 | Orc:1    | Reached XP level 11. HP: 71/77 MP: 16/16
  9585 | Orc:1    | Killed an orc sorcerer
  9586 | Orc:1    | Received a gift from Yredelemnul (a wight)
  9586 | Orc:1    | Received a gift from Yredelemnul (a wight)
  9802 | Orc:2    | Entered Level 2 of the Orcish Mines
  9802 | Orc:2    | Noticed an orc knight
  9810 | Orc:2    | Reached skill level 11 in Dodging
  9814 | Orc:2    | Killed an orc knight
 10102 | Orc:2    | Found a staircase to the Elven Halls.
 10200 | Orc:2    | Noticed a deep elf mage
 10204 | Orc:2    | Killed a deep elf mage
 10214 | Orc:2    | Noticed a deep elf mage
 10225 | Orc:2    | Killed a deep elf mage
 10804 | Elf:1    | Entered Level 1 of the Elven Halls
 10804 | Elf:1    | Noticed a deep elf mage
 10804 | Elf:1    | Noticed a deep elf mage
 10805 | Elf:1    | Noticed a deep elf mage
 10805 | Elf:1    | Noticed a deep elf mage
 10829 | Orc:2    | Killed a deep elf mage
 10829 | Orc:2    | Enslaved a deep elf mage
 11416 | Orc:2    | Noticed an orc knight
 11418 | Orc:2    | Noticed an orc high priest
 11451 | Orc:1    | Killed an orc knight
 11711 | Orc:2    | Noticed a sun demon
 11714 | Orc:2    | Noticed an orc knight
 11716 | Orc:2    | Noticed a soul eater
 11829 | Orc:2    | Noticed a soul eater
 12039 | Orc:1    | Killed an orc knight
 12231 | Orc:2    | Noticed a soul eater
 12316 | Orc:1    | Killed an orc high priest
 12316 | Orc:1    | Enslaved an orc high priest
 12443 | Orc:2    | Noticed an orc knight
 12906 | Orc:2    | Noticed an orc high priest
 12910 | Orc:2    | Noticed an orc high priest
 12912 | Orc:2    | Killed an orc high priest
 12931 | Orc:1    | Killed an orc high priest
 13000 | Orc:2    | Noticed an orc knight
 13134 | Orc:1    | Killed an orc knight
 13134 | Orc:1    | Reached skill level 12 in Dodging
 13367 | Orc:2    | Received a gift from Yredelemnul (a phantasmal warrior)
 13384 | Orc:2    | Noticed an orc knight
 13401 | Orc:2    | Noticed an orc knight
 13401 | Orc:2    | Killed an orc knight
 13401 | Orc:2    | Reached XP level 12. HP: 45/85 MP: 18/18
 13651 | Orc:2    | Noticed an orc high priest
 13655 | Orc:2    | Killed an orc high priest
 13671 | Orc:2    | Killed an orc high priest
 13985 | Orc:2    | Found Caycw's Distillery.
 13986 | Orc:2    | Found Vibaleh's Gadget Boutique.
 13986 | Orc:2    | Found Zuomodom's Armour Shop.
 13989 | Orc:2    | Found Ucesat's Book Boutique.
 14013 | Orc:2    | Learned a level 2 spell: Blink
 14020 | Orc:2    | Bought a book of Beasts for 935 gold pieces
 14024 | Orc:2    | Learned a level 3 spell: Call Canine Familiar
 14028 | Orc:2    | Bought a potion of agility for 52 gold pieces
 14028 | Orc:2    | Bought a potion of curing for 39 gold pieces
 14216 | D:11     | Received a gift from Yredelemnul (a wraith)
 15056 | D:12     | Found a labyrinth entrance.
 15068 | D:12     | Reached skill level 1 in Summonings
 15106 | Lab      | Entered a labyrinth
 15351 | Lab      | Received a gift from Yredelemnul (a vampire)
 16111 | Lab      | Noticed a minotaur
 16124 | Lab      | Killed a minotaur
 16639 | D:12     | Received a gift from Yredelemnul (a skeletal warrior)
 16783 | D:12     | Reached skill level 13 in Dodging
 16829 | D:12     | Noticed a centaur warrior
 16837 | D:12     | Killed a centaur warrior
 17318 | D:13     | Noticed a seven-headed hydra
 17322 | D:13     | Noticed a two-headed ogre
 17325 | D:13     | Killed a seven-headed hydra
 17328 | D:13     | Killed a two-headed ogre
 17329 | D:13     | Received a gift from Yredelemnul (a flayed ghost)
 17693 | D:13     | Found a gate to the Vaults.
 17693 | D:13     | Noticed a vault guard
 17693 | D:13     | Noticed a vault guard
 17693 | D:13     | Noticed a vault guard
 17693 | D:13     | Noticed a vault guard
 17693 | D:13     | Noticed a vault guard
 17694 | D:13     | Noticed a vault guard
 17694 | D:13     | Noticed a vault guard
 17694 | D:13     | Noticed a vault guard
 17702 | D:13     | Killed a vault guard
 17702 | D:13     | Reached XP level 13. HP: 23/92 MP: 20/20
 17707 | D:13     | Killed a vault guard
 17707 | D:13     | Reached skill level 10 in Fighting
 17714 | D:13     | Killed a vault guard
 17714 | D:13     | Reached skill level 10 in Invocations
 19108 | D:13     | Noticed Totori's ghost (journeyman MfIE)
 19113 | D:13     | Reached skill level 5 in Spellcasting
 19118 | D:13     | Received a gift from Yredelemnul (a flayed ghost)
 19135 | D:13     | Killed a vault guard
 19153 | D:13     | Killed a vault guard
 19493 | Lair:1   | Entered Level 1 of the Lair of Beasts
 20901 | Lair:2   | Received a gift from Yredelemnul (a flayed ghost)
 20978 | Lair:2   | Noticed Harold
 20988 | Lair:2   | Killed Harold
 20988 | Lair:2   | Reached skill level 14 in Dodging
 21656 | Lair:3   | Received a gift from Yredelemnul (a flayed ghost)
 21706 | Lair:3   | Paralysed by a hornet for 2 turns
 22006 | Lair:3   | Found a staircase to the Shoals.
 22576 | Lair:4   | Found a hole to the Spider Nest.
 23026 | Lair:4   | Reached skill level 1 in Long Blades
 23738 | Lair:4   | Noticed Kairos's ghost (journeyman FoFi)
 23742 | Lair:4   | Reached XP level 14. HP: 98/101 MP: 22/22
 24985 | Elf:1    | Received a gift from Yredelemnul (a phantasmal warrior)
 25810 | Elf:2    | Received a gift from Yredelemnul (a skeletal warrior)
 26097 | Elf:2    | Found Emac's Antique Weapon Boutique.
 26102 | Elf:2    | Shot with an arrow by a deep elf archer

Skill      XL: |  1  2  3  4  5  6  7  8  9 10 11 12 13 14 |
---------------+-------------------------------------------+-----
Stealth        | 3 4 5 6 7 |  7.0
Dodging        | 4 5 6 8 9 10 12 13 14 | 14.8
Fighting       | 4 5 7 9 11 12 | 12.0
Invocations    | 1 3 4 6 7 8 9 10 11 | 11.2
Shields        | 3 5 6 7 |  7.6
Spellcasting   | 3 4 5 |  5.1
Summonings     | 3 4 |  4.0
Long Blades    | 1 2 |  2.8
Short Blades   | |  3.1

Action                   |  1- 3 |  4- 6 |  7- 9 | 10-12 | 13-15 || total
-------------------------+-------+-------+-------+-------+-------++-------
Melee: Short sword       |    49 |    76 |   275 |    37 |       ||   437
       Constrict         |    11 |    21 |    44 |   131 |    64 ||   271
       Tentacles         |    13 |    15 |    50 |   188 |   143 ||   409
       Falchion          |       |       |       |   465 |   323 ||   788
       Spear             |       |       |       |     1 |       ||     1
       Dagger            |       |       |       |    14 |    27 ||    41
       Demon trident     |       |       |       |       |     5 ||     5
Invok: Animate Remains   |       |     3 |     1 |       |       ||     4
       Recall Undead Sla |       |     1 |     1 |     1 |    14 ||    17
       Animate Dead      |       |       |    13 |    38 |    22 ||    73
       Drain Life        |       |       |       |     2 |       ||     2
       Enslave Soul      |       |       |       |     7 |     3 ||    10
       Injury Mirror     |       |       |       |     1 |       ||     1
Evoke: Wand              |       |       |       |    11 |    23 ||    34
  Use: Scroll            |       |       |     6 |     8 |    15 ||    29
       Potion            |       |       |       |     5 |     6 ||    11
 Stab: Sleeping          |    14 |     2 |    33 |    21 |    20 ||    90
       Distracted        |       |     1 |     6 |    12 |     8 ||    27
       Confused          |       |       |       |     1 |       ||     1
  Eat: Chunk             |     2 |     7 |    12 |    35 |    20 ||    76
       Ration            |       |       |     2 |     4 |     5 ||    11
Armor: Skin              |       |     4 |     6 |     9 |     5 ||    24
Dodge: Dodged            |    37 |    47 |   193 |   407 |   335 ||  1019
Block: Shield            |       |       |       |   262 |   234 ||   496
       Rpst.: Falchion   |       |       |       |    98 |    74 ||   172
